 Dungeon Crawl Stone Soup version 0.15-b1-58-g4898494 (webtiles) character file.

235 Sachiko the Skirmisher (level 5, -4/42 HPs)
             Began as a Demonspawn Chaos Knight on Aug 11, 2014.
             Was a Plaything of Xom.
             Slain by a mummy (14 damage)
             ... in an ossuary.
             The game lasted 00:10:53 (2842 turns).

Sachiko the Skirmisher (Demonspawn Chaos Knight)    Turns: 2842, Time: 00:10:53

HP  -4/42        AC  5     Str 13      XL: 5   Next: 76%
MP   4/4         EV  9     Int 14      God: Xom
Gold 94          SH  0     Dex 12      Spells:  0 memorised,  4 levels left

rFire  + + .     SeeInvis .     a - +0 falchion (chaos)
rCold  . . .     Clarity  .     m - +0 ring mail
rNeg   + . .     rCorr    .     (no shield)
rPois  .         rRot     .     (no helmet)
rElec  .         Spirit   .     (no cloak)
SustAb .         Warding  .     (no gloves)
rMut   .         Rnd*Tele +     (no boots)
Gourm  .                        (no amulet)
MR     +....                    c - cursed ring of teleportation
                                d - ring of positive energy

@: somewhat resistant to hostile enchantments, extremely unstealthy
A: hooves 1, fire resistance 2, low mp 1, magic resistance 1, powered by pain 1
a: Renounce Religion, Evoke Teleportation


You were in an ossuary.
You worshipped Xom.
You were a beloved toy of Xom.
You were not hungry.

You visited 1 branch of the dungeon, and saw 4 of its levels.
You also visited: Ossuary.

You collected 94 gold pieces.

Inventory:

Hand weapons
 a - a +0 falchion of chaos (weapon)
Armour
 m - a +0 ring mail (worn)
Comestibles
 f - a meat ration
 k - a royal jelly
 l - a bread ration
Scrolls
 h - a scroll of teleportation
Jewellery
 c - a cursed ring of teleportation (right hand)
 d - a ring of positive energy (left hand)
Potions
 b - 2 potions of curing
 e - 2 potions of might
Books
 i - a book of Annihilations {highlevel, unknown}

   This book is beyond your current level of understanding.

   Spells                             Type                      Level
   Poison Arrow                       Conjuration/Poison           6
   Chain Lightning                    Conjuration/Air              8
   Lehudib's Crystal Spear            Conjuration/Earth            8
   Glaciate                           Conjuration/Ice              9
   Fire Storm                         Conjuration/Fire             9
Miscellaneous
 g - a stone of tremors


   Skills:
 + Level 4.2 Fighting
 + Level 4.1 Long Blades
 + Level 2.5 Armour
 + Level 2.4 Dodging
 + Level 0.4 Evocations


You had 4 spell levels left.
You didn't know any spells.

Dungeon Overview and Level Annotations

Branches:
Dungeon (4/15)
 Temple: D:4-7

Altars:
Cheibriados
Fedhas
Okawaru
Qazlal
The Shining One


Innate Abilities, Weirdness & Mutations

You have large cloven feet.
Your flesh is very heat resistant.
You sometimes gain a little power by taking damage.
Your magical capacity is low (-10% MP).
You are resistant to hostile enchantments.


Message History

A mummy opens the door.
A mummy comes into view.
There is an open door here.
You closely miss the mummy. You kick the mummy.
The mummy is lightly damaged.
The mummy hits you!
You hit the mummy. Your kick misses the mummy.
The mummy is moderately damaged.
The mummy hits you.
* * * LOW HITPOINT WARNING * * *
You hit the mummy.
The mummy is heavily damaged.
A mummy comes into view.
The giant gecko zombie bites you but does no damage. 2 mummies come into view.
A mummy comes into view.
Xom opens a gate.
The mummy hits you!
You die...
Xom giggles madly!

M≈# ≈≈#
#.+ +.#
##.# '.+
###.#####
#.MZ#..∩#
###.@.5.#
#M'M#...#
###.#####


M.M ##+# You could see 4 mummies, a giant gecko zombie and a friendly ufetubus.

Vanquished Creatures
  2 orc priests (D:3)
  A worker ant (D:4)
  8 adders
  An adder (shapeshifter) (D:4)
  3 giant geckos
  3 oozes
  5 orcs
  8 goblins
  5 hobgoblins
  3 jackals (D:1)
  A quokka (D:3)
  A ball python (D:1)
  8 bats
  A giant cockroach (D:1)
  5 giant newts
  3 kobolds
  10 rats
68 creatures vanquished.

Notes
Turn   | Place    | Note
--------------------------------------------------------------
     0 | D:1      | Sachiko, the Demonspawn Chaos Knight, began the quest for the Orb.
     0 | D:1      | Reached XP level 1. HP: 18/18 MP: 1/1
   182 | D:1      | Reached skill level 1 in Dodging
   182 | D:1      | Gained mutation: You sometimes gain a little power by taking damage. [demonic ancestry]
   182 | D:1      | Reached XP level 2. HP: 14/24 MP: 2/2
   417 | D:1      | XOM: confuse monster(s)
   421 | D:1      | XOM: cast spell 'Cause Fear'
   534 | D:1      | XOM: medium Divn miscast
   765 | D:2      | XOM: enchant monster (bad)
   769 | D:2      | Reached XP level 3. HP: 9/29 MP: 3/3
   837 | D:2      | XOM: torment (8/29 hp)
  1179 | D:2      | XOM: give mutation
  1179 | D:2      | Gained mutation: Your magical capacity is low (-10% MP). [Xom's mischief]
  1234 | D:2      | XOM: noise
  1322 | D:2      | Gained mutation: Your flesh is heat resistant. [demonic ancestry]
  1322 | D:2      | Reached XP level 4. HP: 17/37 MP: 3/3
  1352 | D:2      | XOM: stat loss: -1 Str (12/13)
  1387 | D:2      | XOM: vitrification
  1396 | D:2      | Found a glowing golden altar of the Shining One.
  1449 | D:2      | XOM: 6-stop teleportation journey
  1698 | D:2      | XOM: divination: detect creatures
  1713 | D:2      | XOM: 1-stop teleportation journey
  1784 | D:2      | XOM: god gift: stone of tremors
  1947 | D:2      | XOM: vitrification
  2119 | D:3      | Reached skill level 4 in Fighting
  2119 | D:3      | Gained mutation: You have large cloven feet. [demonic ancestry]
  2119 | D:3      | Reached XP level 5. HP: 42/42 MP: 4/4
  2236 | D:3      | XOM: summons 2 hostile demons
  2240 | D:3      | Found a stormy altar of Qazlal.
  2452 | D:3      | Found a blossoming altar of Fedhas.
  2473 | D:3      | XOM: give mutations
  2473 | D:3      | Gained mutation: Your flesh is very heat resistant. [Xom's grace]
  2473 | D:3      | Gained mutation: You are resistant to hostile enchantments. [Xom's grace]
  2474 | D:3      | Found a snail-covered altar of Cheibriados.
  2485 | D:3      | Found an iron altar of Okawaru.
  2590 | D:4      | Noticed a sky beast
  2618 | D:4      | XOM: confuse monster(s)
  2799 | D:4      | XOM: polymorph hobgoblin -> orc
  2827 | D:4      | Found a sand-covered staircase.
  2832 | Ossuary  | Entered an ossuary
  2842 | Ossuary  | XOM: summons friendly ufetubus
  2842 | Ossuary  | Slain by a mummy

Action                   |  1- 3 |  4- 6 || total
-------------------------+-------+-------++-------
Melee: Falchion          |    81 |   155 ||   236
 Abil: Evoke Teleportati |       |     1 ||     1
  Use: Potion            |     4 |     2 ||     6
       Scroll            |     3 |     1 ||     4
 Stab: Paralysed         |     2 |     1 ||     3
       Petrified         |       |     2 ||     2
       Petrifying        |       |     1 ||     1
  Eat: Beef jerky        |     1 |       ||     1
       Bread ration      |       |     1 ||     1
       Chunk             |       |     1 ||     1
